 Dungeon Crawl Stone Soup version 0.20.1-1-g8b1a95d (webtiles) character file.

49 Hasart the Magician (level 3, -1/24 HPs)
             Began as a Demonspawn Wizard on Aug 16, 2017.
             Slain by a worm (6 damage)
             ... on level 1 of the Dungeon.
             The game lasted 00:08:10 (1689 turns).

Hasart the Magician (Demonspawn Wizard)             Turns: 1689, Time: 00:08:10

Health: -1/24      AC:  3    Str:  7    XL:     3   Next: 51%
Magic:  0/8        EV: 12    Int: 20    God:
Gold:   46         SH:  0    Dex: 11    Spells: 4/9 levels left

rFire    . . .     SeeInvis .   f - +0 short sword
rCold    . . .     Gourm    .   (no shield)
rNeg     . . .     Faith    .   a - +0 robe
rPois    .         Spirit   .   g - +0 helmet
rElec    .         Reflect  .   (no cloak)
rCorr    .         Harm     .   (no gloves)
MR       .....                  (no boots)
Stlth    +.........             (no amulet)
Regen    0.1/turn               (no ring)
MPRegen  0.2/turn               (no ring)

@: very slightly contaminated
A: hooves 1, powered by death 1
a: no special abilities


You were on level 1 of the Dungeon.
You were hungry.

You visited 1 branch of the dungeon, and saw 2 of its levels.

You collected 46 gold pieces.

Inventory:

Hand Weapons
 f - a +0 short sword (weapon)
Armour
 a - a +0 robe (worn)
 g - a +0 helmet (worn)
Jewellery
 l - a +4 ring of evasion {unknown}
Scrolls
 n - a scroll of blinking {unknown}
Potions
 e - a potion of heal wounds {unknown}
 i - a potion of berserk rage {unknown}
 j - 2 potions of flight {unknown}
 k - 2 potions of magic {unknown}
 m - a potion of ambrosia {unknown}
Books
 c - a book of Minor Magic

   Spells                             Type                      Level
   a - Magic Dart                     Conjuration                  1
   b - Blink                          Translocation                2
   c - Call Imp                       Summoning                    2
   d - Slow                           Hexes                        2
   e - Conjure Flame                  Conjuration/Fire             3
   f - Mephitic Cloud                 Conjuration/Poison/Air       3
Comestibles
 b - 2 royal jellies
 d - 3 bread rations
 h - a meat ration


   Skills:
 - Level 0.1 Short Blades
 + Level 2.1 Dodging
 - Level 1.7 Stealth
 + Level 3.5 Spellcasting
 * Level 2.0 Conjurations
 + Level 1.7 Summonings
 - Level 0.8 Translocations


You had 4 spell levels left.
You knew the following spells:

 Your Spells              Type           Power        Failure   Level  Hunger
a - Magic Dart            Conj           ##..         6%          1    None
b - Blink                 Tloc           N/A          14%         2    ##.....
c - Call Imp              Summ           ##......     10%         2    ##.....


Dungeon Overview and Level Annotations

Branches:
Dungeon (2/15)

Altars:


Innate Abilities, Weirdness & Mutations

You have large cloven feet.
You regenerate a little health from kills.


Message History

The magic dart hits the worm.
The worm is heavily wounded.
Casting: Magic Dart
Confirm with . or Enter, or press ? or * to list all spells.
Aiming: Magic Dart
Press: ? - help, Shift-Dir - straight line, f/p - worm
Aim: a worm (heavily wounded)
The magic dart hits the worm.
The worm is severely wounded.
The worm bites you!
* * * LOW HITPOINT WARNING * * *
Casting: Magic Dart
Confirm with . or Enter, or press ? or * to list all spells.
Aiming: Magic Dart
Press: ? - help, Shift-Dir - straight line, f/p - worm
Aim: a worm (severely wounded)
The magic dart hits the worm.
The worm is almost dead.
The worm bites you.
You die...

#.#).###.####.#........#.#
...#.#
#......##########.###
#.##.# ######.# #...#
.....# ##+# ###.# #.####
##...# #####.#### #>#
##.....## #........# #.#
#.......## #..##.##.# #..
.........####...#.##.#
....
......w@.'........##.#
##...
.........####.....##.#
#.## #.......## #..#####.#
.# ##.....## #........# ..
##...# ##.####### .....
#.# ####.# #.# #. #.# #.#


You could see a worm.

Vanquished Creatures
  An ooze (D:2)
  4 dart slugs
  4 leopard geckos
  3 goblins
  4 hobgoblins
  3 kobolds
  A quokka (D:2)
  5 bats
  2 frilled lizards (D:2)
  A rat (D:2)
28 creatures vanquished.

Vanquished Creatures (collateral kills)
  A goblin (D:2)
  A frilled lizard (D:2)
  2 rats (D:2)
4 creatures vanquished.

Grand Total: 32 creatures vanquished

Notes
Turn   | Place    | Note
-------+----------+-------------------------------------------
     0 | D:1      | Hasart the Demonspawn Wizard began the quest for the Orb.
     0 | D:1      | Reached XP level 1. HP: 13/13 MP: 4/4
   357 | D:1      | Gained mutation: You regenerate a little health from kills. [demonic ancestry]
   357 | D:1      | Reached XP level 2. HP: 9/19 MP: 3/6
   380 | D:1      | Learned a level 2 spell: Call Imp
   574 | D:1      | Learned a level 2 spell: Blink
   696 | D:1      | You fall through a shaft!
   968 | D:2      | Gained mutation: You have large cloven feet. [demonic ancestry]
   968 | D:2      | Reached XP level 3. HP: 24/24 MP: 3/7
  1689 | D:1      | Slain by a worm

Skill      XL: |  1  2  3 |
---------------+----------+-----
Dodging        | 2 |  2.1
Conjurations   | 2 |  2.0
Short Blades   | |  0.1
Stealth        | |  1.7
Spellcasting   | |  3.5
Summonings     | |  1.7
Translocations | |  0.8

Action                   || total
-------------------------++-------
Melee: Short sword       ||    35
       Whip              ||     2
       Quarterstaff      ||    21
       Kick              ||     4
 Cast: Magic Dart        ||    47
       Call Imp          ||     3
  Use: Scroll            ||     3
  Eat: Chunk             ||     2
Armor: Robe              ||    13
Dodge: Dodged            ||    47
